 Dungeon Crawl Stone Soup version 0.31.0-9-g3a7656b989 (webtiles) character file.

Game seed: 16182976448336179059

258 qw the Skirmisher (level 5, -2/30 HPs)
             Began as a Deep Elf Hunter on Feb 2, 2024.
             Incinerated by a bombardier beetle (5 damage)
             ... with a burning spray
             ... on level 3 of the Dungeon.
             The game lasted 00:00:09 (2380 turns).

qw the Skirmisher (Deep Elf Hunter)                 Turns: 2380, Time: 00:00:09

Health: -2/30      AC:  6    Str: 10    XL:     5   Next: 94%
Magic:  7/7        EV: 11    Int: 14    God:
Gold:   174        SH:  5    Dex: 18    Spells: 4/4 levels left

rFire   . . .        a - +3 shortbow
rCold   . . .        (shield currently unavailable)
rNeg    . . .        m - +0 ring mail
rPois   .            k - +0 helmet
rElec   .            (no cloak)
rCorr   .            (no gloves)
SInv    .            (no boots)
Will    .....        d - amulet of reflection
Stlth   +            (no ring)
HPRegen 0.25/turn    (no ring)
MPRegen 0.10/turn

%: reflection
@: on fire, glowing
A: no striking features
a: no special abilities


You were on level 3 of the Dungeon.
You visited 1 branch of the dungeon, and saw 3 of its levels.

You collected 174 gold pieces.


   Skills:
 - Level 2.0 Fighting
 + Level 9.3 Ranged Weapons
 - Level 2.4 Dodging
 - Level 1.2 Stealth


You had 4 spell levels left.
You didn't know any spells.
Your spell library was empty.

Inventory:

Hand Weapons
 a - a +3 shortbow (weapon)
Armour
 k - a +0 helmet (worn)
 m - a +0 ring mail (worn)
Jewellery
 d - an amulet of reflection (around neck)
Wands
 l - a wand of charming (6)
Scrolls
 c - a scroll of teleportation {unknown}
 e - 2 scrolls of enchant armour {unknown}
 g - a scroll of silence {unknown}
Potions
 b - a potion of enlightenment
 f - 4 potions of curing
 h - a potion of ambrosia {unknown}
 i - a potion of degeneration {unknown}
 j - 2 potions of cancellation {unknown}
 n - 2 potions of attraction {unknown}

Dungeon Overview and Level Annotations

Branches:
Dungeon (3/15)

Altars:


Message History

You shoot an arrow. The arrow barely misses the orc.
You shoot an arrow. The arrow hits the orc.
The orc is lightly wounded.
You shoot an arrow. The arrow hits the orc.
The orc is severely wounded.
You shoot an arrow. The arrow hits the orc.
You kill the orc!
Your Fighting skill increases to level 2!
You start resting.
HP restored.
You see here a +0 hand axe.
There is a stone staircase leading down here.
A bombardier beetle comes into view.
You shoot an arrow. The arrow hits the bombardier beetle!
The bombardier beetle is heavily wounded.
You shoot an arrow. The arrow hits the bombardier beetle.
The bombardier beetle is almost dead.
The bombardier beetle sprays incendiary fluid at you.
The burning spray hits you.
You are covered in liquid fire!
You shoot an arrow.
The arrow barely misses the bombardier beetle.
The liquid fire burns you!
You shoot an arrow. The arrow hits the bombardier beetle.
You kill the bombardier beetle!
The liquid fire burns you!
Your life force feels restored.
You are on fire!
The liquid fire burns you!
You are on fire!
The liquid fire burns you!
You are on fire!
The liquid fire burns you!
You are on fire!
The liquid fire burns you!
You are on fire!
The liquid fire burns you!
You are on fire!
The liquid fire burns you!
You die...

### ..# #.# ###########
#.# #.........## ######
#.# #..........# #.....
#.# #..........# #.....
#.### #..........# #.....
....# #######..........#
#..... ...##
#.........@......' +.....
##.####.#########......#
#..... #............#
.%....# #.....
##............# ......#
###... .>..).........#
......# #...
##............# ......#
#...
#............##########
#...
#........?......#....####
###.
#..#####................#
#.


There were no monsters in sight!

Vanquished Creatures
  An ogre (D:2)
  An orc priest (D:3)
  A bombardier beetle (D:3)
  4 adders
  2 dart slugs (D:3)
  2 ribbon worms
  4 orcs (D:3)
  6 endoplasms
  2 giant cockroaches
  5 goblins
  9 hobgoblins
  4 jackals
  4 kobolds
  A quokka (D:2)
  8 ball pythons
  7 bats
  5 frilled lizards
  4 rats
70 creatures vanquished.

Notes
Turn   | Place    | Note
-------+----------+-------------------------------------------
     0 | D:1      | qw the Deep Elf Hunter began the quest for the Orb.
     0 | D:1      | Reached XP level 1. HP: 12/12 MP: 3/3
     0 | D:1      | 0 ||| qw: Version: 0.3-a-155-g5e7d8dd
     0 | D:1      | 0 ||| qw: Game counter: 587
     0 | D:1      | 0 ||| qw: Melee chars always use a shield: true
     0 | D:1      | 0 ||| qw: God list: Okawaru
     0 | D:1      | 0 ||| qw: Allow faded altars: false
     0 | D:1      | 0 ||| qw: Do Orc after clearing Dungeon:15 true
     0 | D:1      | 0 ||| qw: Do second Lair branch before Depths: true
     0 | D:1      | 0 ||| qw: Lair rune preference: random
     0 | D:1      | 0 ||| qw: Goals: Normal
     0 | D:1      | 0 ||| PLANNING D:1-11
   144 | D:1      | Reached skill level 6 in Ranged Weapons
   144 | D:1      | Reached XP level 2. HP: 16/16 MP: 4/4
   654 | D:1      | 654 ||| READING scroll labelled ETEMOMP KESUH.
   654 | D:1      | 654 ||| IDENTIFYING fuming puce potion
   655 | D:1      | 655 ||| DROPPING scroll of butterflies.
   656 | D:1      | 656 ||| DROPPING potion of magic.
   796 | D:2      | Reached XP level 3. HP: 20/20 MP: 5/5
   947 | D:2      | Reached skill level 7 in Ranged Weapons
   952 | D:2      | HP: 5/20 [poisoned by an adder]
  1112 | D:2      | Noticed an ogre
  1117 | D:2      | HP: 3/20 [ogre/+0 giant club (17)]
  1118 | D:2      | Killed an ogre
  1119 | D:2      | Reached skill level 8 in Ranged Weapons
  1119 | D:2      | Reached XP level 4. HP: 4/25 MP: 6/6
  1119 | D:2      | Reached XP level 5. HP: 5/29 MP: 7/7
  1743 | D:2      | 1743 ||| UPGRADING to +0 helmet.
  1748 | D:2      | 1748 ||| UPGRADING to +0 ring mail.
  1758 | D:2      | 1758 ||| DROPPING +0 leather armour.
  1759 | D:2      | 1759 ||| UPGRADING to amulet of reflection.
  1764 | D:2      | 1764 ||| READING 2 scrolls of identify.
  1764 | D:2      | 1764 ||| IDENTIFYING silvery potion
  1765 | D:2      | 1765 ||| READING scroll of identify.
  1765 | D:2      | 1765 ||| IDENTIFYING emerald potion
  1766 | D:2      | 1766 ||| READING scroll labelled EPAAKHLIDWALEHO.
  1767 | D:2      | 1767 ||| READING scroll labelled LUIMOCLOHI.
  1767 | D:2      | 1767 ||| ENCHANTING +0 shortbow.
  1768 | D:2      | 1768 ||| READING scroll labelled JUPLYS ACRYPNO.
  1769 | D:2      | 1769 ||| READING scroll labelled DEXUSU QEMAB.
  1770 | D:2      | 1770 ||| DRINKING 4 orange potions.
  1771 | D:2      | 1771 ||| DROPPING potion of brilliance.
  1959 | D:3      | 1959 ||| READING 2 scrolls of enchant weapon.
  1959 | D:3      | 1959 ||| ENCHANTING +1 shortbow.
  1960 | D:3      | 1960 ||| READING scroll of enchant weapon.
  1960 | D:3      | 1960 ||| ENCHANTING +2 shortbow.
  2079 | D:3      | Reached skill level 9 in Ranged Weapons
  2378 | D:3      | HP: 5/30 [burnt (4)]
  2379 | D:3      | HP: 2/30 [burnt (3)]
  2380 | D:3      | Incinerated by a bombardier beetle

Levels and vault maps discovered:
D:1:      dpeg_arrival_pits, layout_loops_ring
D:2:      kennysheep_six_static_rooms, layout_loops_ring
D:3:      layout_basic

Skill      XL: |  1  2  3  4  5 |
---------------+----------------+-----
Ranged Weapons | 6 8 9 |  9.3
Fighting       | 2 |  2.0
Dodging        | |  2.4
Stealth        | |  1.2

Action                     |  1- 3 |  4- 6 || total
---------------------------+-------+-------++-------
   Fire: Shortbow          |   122 |    96 ||   218
    Use: Scroll            |     1 |     8 ||     9
         Potion            |       |     1 ||     1
 Armour: Leather armour    |    21 |    11 ||    32
         Ring mail         |       |    12 ||    12
  Dodge: Dodged            |    26 |    16 ||    42
  Block: Other             |       |     5 ||     5

Table legend:
 A = Non-vault XP
 B = Vault XP
 C = Vault XP percentage of total XP
 D = Non-vault monster count
 E = Vault monster count
 F = Vault count percentage of total count
                 A         B        C        D         E       F
            +---------+---------+-------+---------+---------+-------
      Total |     347 |      22 |   6.0 |      64 |       6 |   8.6
            +---------+---------+-------+---------+---------+-------
        D:1 |      33 |       0 |   0.0 |      21 |       0 |   0.0
        D:2 |     171 |      22 |  11.4 |      22 |       6 |  21.4
        D:3 |     143 |       0 |   0.0 |      21 |       0 |   0.0
            +---------+---------+-------+---------+---------+-------
